 Dungeon Crawl Stone Soup version 0.22-a0-423-g4197694 (webtiles) character file.

75265 Amnesiac the Fetichist (level 15, 81/96 HPs)
             Began as a Kobold Artificer on May 23, 2018.
             Was an Initiate of Gozag.
             Starved to death
             ... on level 3 of the Lair of Beasts on May 24, 2018.
             The game lasted 01:15:29 (24200 turns).

Amnesiac the Fetichist (Kobold Artificer)          Turns: 24200, Time: 01:15:29

Health: 81/96      AC:  9    Str: 15    XL:     15   Next: 97%
Magic:  28/28      EV: 24    Int: 13    God:    Gozag
Gold:   615        SH: 10    Dex: 16    Spells: 11/14 levels left

rFire    + . .     SeeInvis .   a - +10 rapier of Winter {speed, rC++ MR-}
rCold    + + .     Gourm    .   f - +2 buckler
rNeg     . . .     Faith    .   u - +2 leather armour {rF+}
rPois    +         Spirit   .   M - +1 hat {MR+}
rElec    .         Reflect  .   (no cloak)
rCorr    .         Harm     +   (no gloves)
MR       +....                  o - +2 pair of boots
Stlth    ++++......             I - amulet of harm
HPRegen  0.26/turn              D - ring of wizardry
MPRegen  0.21/turn              K - ring of poison resistance

@: fainting
A: small, carnivore
a: Potion Petition, Call Merchant, Bribe Branch, Renounce Religion


You were on level 3 of the Lair of Beasts.
You worshipped Gozag.
Gozag was pleased with you.
You were fainting.

You visited 5 branches of the dungeon, and saw 23 of its levels.

You collected 6507 gold pieces.
You spent 3025 gold pieces at shops.
You paid 2867 gold pieces to Gozag.

Inventory:

Hand Weapons
 a - the +10 rapier of Winter (weapon) {speed, rC++ MR-}
   (You bought it in a shop on level 8 of the Dungeon)

   Attacks with this weapon are significantly faster.
   It greatly protects you from cold.
   It affects your resistance to hostile enchantments.
 N - a +0 blowgun
Missiles
 h - 2 throwing nets (quivered)
 O - 9 curare-tipped needles
Armour
 f - a +2 buckler (worn)
 o - a +2 pair of boots (worn)
 u - a +2 leather armour of fire resistance (worn)
 z - a +0 crystal plate armour
 C - a +0 shield
 M - a +1 hat of magic resistance (worn)
Jewellery
 b - an uncursed ring of ice
 s - an uncursed ring of flight
 D - a ring of wizardry (left hand)
 I - an amulet of harm (around neck)
 K - a ring of poison resistance (right hand)
 R - an uncursed ring of protection from cold {unknown}
Wands
 p - a wand of digging (7)
 v - a wand of paralysis (13)
 H - a wand of polymorph (28)
 Q - a wand of iceblast (11)
Scrolls
 c - 3 scrolls of enchant armour {!r}
 d - a scroll of blinking {!r}
 g - 2 scrolls of identify {!r}
 j - 4 scrolls of amnesia {!r}
 k - 5 scrolls of remove curse {!r}
 l - 7 scrolls of teleportation {!r}
 m - 2 scrolls of immolation {!r}
 q - 4 scrolls of enchant weapon {!r}
 r - a scroll of torment {!r}
 t - 4 scrolls of magic mapping {!r}
 y - 3 scrolls of noise {!r, unknown}
 E - a scroll of summoning {!r}
 L - a scroll of fear {!r}
Potions
 e - 2 potions of agility {!q}
 n - 2 potions of ambrosia {!q}
 w - 4 potions of brilliance {!q}
 x - 2 potions of magic {!q}
 B - 5 potions of might {!q}
 F - a potion of mutation {!q, unknown}
 G - 2 potions of haste {!q}
 J - a potion of flight {!q}
Miscellaneous
 i - a phial of floods (inert)
 A - a lamp of fire (inert)
 P - a sack of spiders


   Skills:
 + Level 12.2 Fighting
 - Level 8.0 Short Blades
 + Level 13.0 Dodging
 - Level 8.0 Stealth
 + Level 10.2 Shields
 * Level 18.9 Evocations


You had 11 spell levels left.
You knew the following spells:

 Your Spells              Type           Power        Failure   Level  Hunger
a - Apportation           Tloc           #.....       16%         1    ##.....
b - Summon Small Mammal   Summ           #...         16%         1    ##.....
z - Confusing Touch       Hex            #.....       16%         1    ##.....

Your spell library contained the following spells:

 Spells                   Type           Power        Failure   Level  Hunger
 Bolt of Cold             Conj/Ice       #.........   100%        6    #######
 Confuse                  Hex            #.......     41%         3    ####...
 Freezing Cloud           Conj/Ice/Air   #.........   100%        6    #######
 Animate Skeleton         Necr           N/A          16%         1    ##.....
 Ozocubu's Refrigeration  Ice            #.........   100%        6    #######
 Tukima's Dance           Hex            #.......     41%         3    ####...
 Ice Form                 Ice/Tmut       #.......     80%         4    #####..
 Ensorcelled Hibernation  Hex/Ice        #.....       22%         2    ###....
 Metabolic Englaciation   Hex/Ice        #.........   98%         5    ######.
 Corona                   Hex            #......      16%         1    ##.....
 Simulacrum               Ice/Necr       #.........   100%        6    #######
 Dazzling Spray           Conj/Hex       #.....       41%         3    ####...


Dungeon Overview and Level Annotations

Branches:
Dungeon (15/15)            Temple (1/1) D:5            Lair (3/6) D:9
    Orc (2/2) D:12            Elf (2/3) Orc:2        Vaults (0/5) D:14
  Swamp: Lair:2-4    Shoals: Lair:2-4     Snake: Lair:2-4    Spider: Lair:2-4
 Depths: D:15

Altars:
Fedhas
Gozag
Kikubaaqudgha
Okawaru
Ru
Vehumet
Wu Jian
Beogh

Shops:
D:8 *   D:10 (   Orc:2 (}}?

Portals:
Trove: D:13 (give +5 demon trident)

Annotations:
Elf:2 5 runed doors


Innate Abilities, Weirdness & Mutations

You are small and have problems with some larger weapons.
You are carnivorous and can eat meat at any time.


Message History

You perforate the polar bear like a sieve!!!!
You kill the polar bear!
Evoke which item? (* to show all) (? for menu, Esc to quit)
Aiming: Paralyse
Press: ? - help, Shift-Dir - straight line, f - polar bear
Aim: a polar bear (chance to defeat MR: 83%)
The polar bear suddenly stops moving!
You are fainting from starvation!
The helpless polar bear fails to defend itself.
You perforate the polar bear like a sieve!!!
You kill the polar bear!
You now have 598 gold pieces (gained 58).
Found 6 gold pieces, a potion of might and 21 arrows.
You lose consciousness!
You can move again.
You now have 604 gold pieces (gained 6).
B - 5 potions of might {!q} (gained 1)
You see here 21 arrows.
Found a scroll of identify.
Found 26 gold pieces.
Found a book of Ice.
You found a teleport trap!
Found a scroll of teleportation.
Found a stone staircase leading down.
l - 7 scrolls of teleportation {!r} (gained 1)
You lose consciousness!
You can move again.
There is a stone staircase leading down here.
You climb downwards.
Found 16 gold pieces.
Found a stone staircase leading down.
There is a stone staircase leading up here.
Okay, then.
Found a stone staircase leading down.
You lose consciousness!
You can move again.
A naga comes into view. It is wielding a long sword.
Found a scroll of identify.
A naga comes into view. It is wielding a scimitar.
The naga shouts!
You hear a shout! x2
Found 20 gold pieces.
There is a stone staircase leading down here.
You climb downwards.
A water moccasin comes into view.
Found 17 stones.
There is a stone staircase leading up here.
You climb upwards.
There is a stone staircase leading down here.
The naga spits poison at you. The splash of poison misses you.
You open the door.
There is an open door here.
There is a stone staircase leading down here.
You climb downwards.
There is a stone staircase leading up here.
Found a chain mail.
A water moccasin comes into view.
Found 4 poisoned tomahawks and 11 gold pieces.
A bullfrog comes into view.
Found a chain mail.
You see here 11 gold pieces.
You now have 615 gold pieces (gained 11).
You have starved to death.
You die...
Your body crumbles into a pile of gold.

.... .... #### P...# ...
..... ....... .. ( .....
.......P# . .. ......
.......... ...
......####[.........
...........F........
#.....@..............
#####.................
##...................
#P....(..............
.......................
........#...###.#.#....
........................
......#............P.P[.
####................#..


You could see a bullfrog.

Vanquished Creatures
  A frost giant (D:11)
  A deep elf sorcerer (Elf:2)
  The ghost of tstbtto the Spawn of Chaos, a journeyman DDFi of Makhleb (Orc:2)
  A stone giant (Orc:2)
  3 deep elf demonologists
  A deep elf annihilator (Elf:1)
  The ghost of inmateoo the Martial Artist, a journeyman DsVM of Cheibriados (Elf:1)
  Azrael (Orc:2)
  The ghost of emperorscorpion the Fencer, a journeyman MiBe of Trog (Lair:1)
  The ghost of emperorscorpion the Carver, a journeyman MiBe of Trog (D:12)
  3 ogre magi (Orc:2)
  2 hydras
  Erica (Lair:1)
  3 two-headed ogres
  5 deep elf knights
  3 deep elf archers
  A lindwurm (Orc:2)
  A necromancer (D:12)
  25 deep elf magi
  A faun (Elf:1)
  2 ugly things
  4 cyclopes
  8 orc sorcerers
  An elephant (Elf:1)
  4 centaur zombies
  A molten gargoyle (D:13)
  A spiny frog (D:12)
  A gargoyle (D:13)
  2 kobold demonologists
  A freezing wraith (D:14)
  The ghost of Vajrapani the Ducker, a novice SpBe of Trog (D:4)
  3 polar bears (Lair:1)
  3 trolls
  2 hornets
  3 hippogriffs
  A blink frog (Lair:1)
  3 air elementals
  A wyvern (D:11)
  A spriggan (D:8)
  2 shadows (D:11)
  A wraith (D:13)
  A water elemental (Elf:2)
  A vampire (D:14)
  A basilisk (D:13)
  9 yaks (Lair:1)
  5 fire elementals
  4 vampire mosquitoes
  Menkaure (D:4)
  7 wargs
  Edmund (D:4)
  An acid dragon (D:11)
  2 water moccasins
  4 hell hounds
  A porcupine (Lair:1)
  4 necrophages
  6 orc warriors
  6 sky beasts
  5 phantoms
  3 ice beasts
  5 black bears
  9 centaurs
  14 ogres
  A crocodile (Lair:1)
  16 bullfrogs
  A gnoll sergeant (D:6)
  3 big kobolds
  3 earth elementals
  2 wyvern zombies
  4 scorpions
  7 killer bees
  A water moccasin skeleton (D:9)
  9 wights
  11 howler monkeys
  A bullfrog zombie (D:11)
  2 crimson imps
  2 quasits (D:8)
  5 hounds
  4 orc priests
  A gnoll shaman (D:6)
  4 jellies
  2 bullfrog skeletons
  4 centaur skeletons
  39 orc wizards
  An iron imp (Temple)
  2 iguanas
  Ijyb (D:4)
  Terence (D:2)
  5 yak simulacra (D:12)
  9 worker ants
  2 wolf simulacra (D:12)
  A worker ant zombie (D:9)
  16 adders
  13 gnolls
  2 howler monkey skeletons
  2 shadow imps
  2 oozes (D:2)
  2 adder zombies
  13 dart slugs
  4 leopard geckos
  61 orcs
  5 giant cockroaches
  4 goblins
  4 hobgoblins
  13 jackals
  4 quokkas
  3 ball pythons
  7 bats
  3 frilled lizards
  14 kobolds
  A quokka skeleton (D:4)
  A quokka zombie (D:6)
  6 rats
  4 river rat simulacra (D:12)
521 creatures vanquished.

Vanquished Creatures (collateral kills)
  Rupert (D:13)
  Frances (D:12)
  A fire giant (D:13)
  2 deep elf death magi
  A two-headed ogre (D:13)
  5 dancing weapons
  An orc high priest (Elf:2)
  4 deep elf knights
  3 deep elf archers (Elf:2)
  3 ugly things (D:15)
  5 deep elf magi (Elf:2)
  A spiny frog (Lair:1)
  A troll (D:13)
  A polar bear (Lair:1)
  2 blink frogs (Lair:1)
  2 yaks (Lair:1)
  2 water moccasins
  3 black bears (Lair:1)
  An eye of draining (D:13)
  An ice beast (D:13)
  4 orc warriors
  A howler monkey (D:9)
  A lava snake (D:13)
  An orc wizard (D:9)
  4 orc priests
  A worker ant (D:9)
  An adder (D:9)
  9 orcs
63 creatures vanquished.

Vanquished Creatures (others)
  8 dancing weapons
  A deep elf mage (Elf:1)
  2 ugly things (D:15)
  A troll (Orc:2)
  Prince Ribbit (D:8)
  A wyvern (D:9)
  A yak (D:9)
  A hungry ghost (D:8)
  2 orc wizards (Orc:2)
  A worker ant (D:9)
  3 orcs
22 creatures vanquished.

Grand Total: 606 creatures vanquished

Notes
Turn   | Place    | Note
-------+----------+-------------------------------------------
     0 | D:1      | Amnesiac the Kobold Artificer began the quest for the Orb.
     0 | D:1      | Reached XP level 1. HP: 12/12 MP: 3/3
   136 | D:1      | Reached XP level 2. HP: 13/16 MP: 4/4
   655 | D:1      | Reached XP level 3. HP: 4/21 MP: 5/5
  1297 | D:2      | Noticed Terence
  1308 | D:2      | Killed Terence
  1308 | D:2      | Reached XP level 4. HP: 22/26 MP: 6/6
  1328 | D:2      | Found an opulent altar of Gozag.
  1331 | D:2      | Found a blossoming altar of Fedhas.
  1341 | D:2      | Became a worshipper of Gozag Ym Sagoz the Greedy
  1486 | D:2      | Found an iron altar of Okawaru.
  2086 | D:3      | Reached skill level 5 in Dodging
  2086 | D:3      | Reached XP level 5. HP: 24/30 MP: 7/7
  2752 | D:3      | Reached skill level 4 in Evocations
  2752 | D:3      | Reached XP level 6. HP: 21/35 MP: 7/9
  3134 | D:4      | Noticed Edmund
  3180 | D:4      | Killed Edmund
  3180 | D:4      | Reached skill level 5 in Evocations
  3269 | D:4      | Reached skill level 6 in Evocations
  3369 | D:4      | Reached XP level 7. HP: 40/40 MP: 11/11
  3396 | D:4      | Noticed Vajrapani's ghost (novice SpBe)
  3436 | D:4      | Killed Vajrapani's ghost
  3570 | D:4      | Reached skill level 7 in Evocations
  3747 | D:4      | Noticed Menkaure
  3758 | D:4      | Killed Menkaure
  3758 | D:4      | Reached XP level 8. HP: 13/44 MP: 13/13
  3998 | D:4      | Noticed Ijyb
  4455 | D:4      | Killed Ijyb
  4455 | D:4      | Reached skill level 8 in Evocations
  4468 | D:4      | Found a radiant altar of Vehumet.
  4477 | D:4      | Reached skill level 5 in Stealth
  4685 | D:5      | Entered Level 5 of the Dungeon
  4844 | D:5      | Noticed Sigmund
  4846 | D:5      | Noticed Sigmund
  4846 | D:5      | Sigmund changed into Sigmund the killer bee
  4968 | D:5      | Killed Sigmund the killer bee
  4968 | D:5      | Reached skill level 5 in Short Blades
  5187 | D:5      | Found a staircase to the Ecumenical Temple.
  5205 | Temple   | Entered the Ecumenical Temple
  5536 | D:5      | Reached skill level 9 in Evocations
  5544 | D:5      | Reached XP level 9. HP: 48/48 MP: 15/15
  6288 | D:6      | Learned a level 1 spell: Confusing Touch
  6385 | D:6      | Reached skill level 10 in Evocations
  6500 | D:6      | Learned a level 1 spell: Apportation
  6512 | D:6      | Learned a level 1 spell: Summon Small Mammal
  6568 | D:6      | Found a blossoming altar of Fedhas.
  7003 | D:6      | Noticed a troll
  7045 | D:6      | Killed a troll
  7930 | D:7      | Reached skill level 11 in Evocations
  7968 | D:7      | Reached XP level 10. HP: 53/53 MP: 18/18
  8562 | D:7      | Reached skill level 12 in Evocations
  8699 | D:8      | Noticed Prince Ribbit
  8701 | D:8      | Noticed a two-headed ogre
  8709 | D:8      | Your ally died
  8730 | D:8      | Killed a two-headed ogre
  8794 | D:8      | Reached skill level 5 in Fighting
  8916 | D:8      | Found an ornate altar of the Wu Jian Council.
  9424 | D:8      | Reached skill level 1 in Shields
  9665 | D:8      | Got a transparent brass amulet
  9760 | D:9      | Reached XP level 11. HP: 35/64 MP: 20/20
  9866 | D:9      | Reached skill level 5 in Shields
 10658 | D:8      | Found Raonuc's Assorted Antiques.
 10661 | D:8      | Bought a puce potion for 18 gold pieces
 10661 | D:8      | Bought a murky grey potion for 18 gold pieces
 10661 | D:8      | Bought a murky grey potion for 18 gold pieces
 10662 | D:8      | Identified the amulet "Meow" {Inacc rC+ Int+3} (You found it on level 8 of the Dungeon)
 10664 | D:8      | Bought a jewelled rapier for 180 gold pieces
 10664 | D:8      | Identified the +10 rapier of Winter {speed, rC++ MR-} (You bought it in a shop on level 8 of the Dungeon)
 11515 | D:9      | Found a staircase to the Lair.
 11776 | D:10     | Entered Level 10 of the Dungeon
 12524 | D:10     | Found Curghyir's Weapon Shop.
 12633 | D:11     | Noticed Sonja
 12636 | D:11     | Noticed Sonja
 12636 | D:11     | Sonja changed into Sonja the warg
 12643 | D:11     | Killed Sonja the warg
 12988 | D:11     | Reached skill level 13 in Evocations
 13004 | D:11     | Noticed a white ugly thing
 13229 | D:11     | Noticed Snorg
 13231 | D:11     | Noticed Snorg
 13231 | D:11     | Snorg changed into Snorg the hippogriff
 13265 | D:11     | Reached XP level 12. HP: 72/72 MP: 21/21
 13289 | D:11     | Killed Snorg the hippogriff
 13440 | D:11     | Noticed a frost giant
 13461 | D:11     | Killed a frost giant
 13801 | D:12     | Noticed Frances
 13818 | D:12     | Killed Frances
 13818 | D:12     | Reached skill level 14 in Evocations
 13879 | D:12     | Noticed emperorscorpion's ghost (journeyman MiBe)
 13886 | D:12     | Killed emperorscorpion's ghost
 13966 | D:12     | Noticed Erolcha
 13967 | D:12     | Noticed Erolcha
 13967 | D:12     | Erolcha changed into Erolcha the spiny frog
 13979 | D:12     | Killed Erolcha the spiny frog
 14195 | D:12     | Found a staircase to the Orcish Mines.
 14195 | D:12     | Noticed an eight-headed hydra
 14205 | D:12     | Killed an eight-headed hydra
 14467 | D:13     | Found a portal to a secret trove of treasure.
 14616 | D:13     | Reached XP level 13. HP: 68/80 MP: 24/24
 14868 | D:13     | Noticed Rupert
 14874 | D:13     | Killed Rupert
 14874 | D:13     | Reached skill level 15 in Evocations
 14942 | D:13     | Noticed a seven-headed hydra
 14950 | D:13     | Noticed a fire giant
 14950 | D:13     | a seven-headed hydra changed into a fire giant
 14959 | D:13     | Killed a fire giant
 15602 | D:14     | Reached skill level 10 in Dodging
 16233 | D:14     | Found a gate to the Vaults.
 16307 | D:14     | Noticed a five-headed hydra
 16309 | D:14     | Killed a five-headed hydra
 16466 | D:14     | Found a sacrificial altar of Ru.
 16561 | D:15     | Entered Level 15 of the Dungeon
 16567 | D:15     | Reached skill level 16 in Evocations
 16901 | Orc:1    | Entered Level 1 of the Orcish Mines
 17254 | Orc:2    | Entered Level 2 of the Orcish Mines
 17261 | Orc:2    | Reached skill level 10 in Fighting
 17277 | Orc:2    | Noticed tstbtto's ghost (journeyman DDFi)
 17493 | Orc:2    | Found a staircase to the Elven Halls.
 17877 | Orc:2    | Noticed a stone giant
 17915 | Orc:2    | Killed a stone giant
 17922 | Orc:2    | Killed tstbtto's ghost
 17922 | Orc:2    | Reached XP level 14. HP: 41/88 MP: 26/26
 18317 | Orc:2    | Noticed Azrael
 18725 | Orc:2    | Killed Azrael
 18741 | Orc:2    | Found Fonopt's Antique Weapon Emporium.
 18756 | Orc:2    | Noticed Nergalle
 18786 | Orc:2    | Noticed Nergalle
 18786 | Orc:2    | Nergalle changed into Nergalle the lindwurm
 18795 | Orc:2    | Killed Nergalle the lindwurm
 19080 | Orc:2    | Found a radiant altar of Vehumet.
 19096 | Orc:2    | Paralysed by an orc sorcerer for 5 turns
 19400 | Orc:2    | Found an ancient bone altar of Kikubaaqudgha.
 19404 | Orc:2    | Found Wiefes's Gadget Emporium.
 19475 | Orc:2    | Bought a box of beasts for 300 gold pieces
 19475 | Orc:2    | Bought a wand of paralysis (19) for 315 gold pieces
 19475 | Orc:2    | Bought a wand of scattershot (5) for 405 gold pieces
 19482 | Orc:2    | Found a roughly hewn altar of Beogh.
 19482 | Orc:2    | Found Zucsoitt's Gadget Shoppe.
 19525 | Orc:2    | Found Cituwadgh's Magic Scroll Shoppe.
 19561 | Orc:2    | Reached skill level 17 in Evocations
 19714 | Orc:2    | Bought a box of beasts for 300 gold pieces
 19714 | Orc:2    | Bought a wand of clouds (4) for 360 gold pieces
 19730 | Orc:2    | Bought a sack of spiders for 220 gold pieces
 19730 | Orc:2    | Bought a wand of iceblast (4) for 88 gold pieces
 19730 | Orc:2    | Bought a wand of iceblast (11) for 165 gold pieces
 19730 | Orc:2    | Bought a wand of paralysis (16) for 198 gold pieces
 19800 | Elf:1    | Entered Level 1 of the Elven Halls
 20001 | Elf:1    | Noticed inmateoo's ghost (journeyman DsVM)
 20028 | Elf:1    | Killed inmateoo's ghost
 20116 | Elf:1    | Noticed a deep elf annihilator
 20131 | Elf:1    | Killed a deep elf annihilator
 20569 | Elf:1    | Noticed a deep elf demonologist
 20993 | Elf:1    | Killed a deep elf demonologist
 21004 | Elf:1    | Noticed a deep elf demonologist
 21006 | Elf:1    | Killed a deep elf demonologist
 21128 | Elf:1    | Noticed a deep elf elementalist
 21130 | Elf:1    | Reached XP level 15. HP: 85/95 MP: 27/27
 21532 | Elf:1    | Reached skill level 18 in Evocations
 22020 | Elf:2    | HP: 3/95 [something/shard of ice (27)]
 22150 | Elf:2    | Noticed a deep elf sorcerer
 22163 | Elf:2    | Killed a deep elf sorcerer
 22410 | Orc:2    | Bought a phial of floods for 440 gold pieces
 22618 | Elf:2    | Reached skill level 10 in Shields
 23120 | Elf:2    | Found a huge runed gate.
 23121 | Elf:2    | Found a huge runed gate.
 23123 | Elf:2    | Found a huge runed gate.
 23123 | Elf:2    | Found a huge runed gate.
 23123 | Elf:2    | Found a huge runed gate.
 23479 | Lair:1   | Entered Level 1 of the Lair of Beasts
 23559 | Lair:1   | Noticed emperorscorpion's ghost (journeyman MiBe)
 23740 | Lair:1   | Noticed Erica
 23749 | Lair:1   | Killed Erica
 23859 | Lair:1   | Killed emperorscorpion's ghost
 24081 | Lair:1   | Paralysed by fainting for 12 turns
 24128 | Lair:1   | Paralysed by fainting for 5 turns
 24147 | Lair:2   | Paralysed by fainting for 5 turns
 24200 | Lair:3   | Starved to death

Vault maps used:
D:1:      dpeg_arrival_three_smaller_balls
D:2:      lemuel_crystal_altar, minitemple, first_ration, uniq_terence
D:3:      serial_forest, infiniplex_forest_side_room,
          infiniplex_forest_clump_diagonal, infiniplex_forest_lined_3,
          infiniplex_forest_clump_diagonal, infiniplex_forest_end_3,
          infiniplex_forest_clump_medium
D:4:      kennysheep_mini_moat, minmay_misc_feat_columns, grunt_decor_arrowhead,
          uniq_menkaure, uniq_edmund, uniq_ijyb
D:5:      kennysheep_slugbush, minmay_temple_entry_mist, kennysheep_cross_room,
          uniq_sigmund
D:6:      fedhas_altar_2
D:7:      kb_forest_paths
D:8:      lemuel_doored_altar, serial_shops, nicolae_shop_trees,
          minmay_misc_feat_iff, the_bakery, uniq_prince_ribbit1
D:9:      minmay_four_partial_circles, erik_lair_orcish_takeover
D:10:     serial_shops, kennysheep_little_box, serial_park_tiny_2,
          lemuel_flamethrower_2
D:11:     minmay_three_doors, uniq_snorg, uniq_sonja
D:12:     orc_0_dummy, eino_house_with_fridge, uniq_erolcha, uniq_frances
D:13:     nicolae_trove_entry_crossroad, uniq_rupert
D:14:     erik_vaults_1, nicolae_ru_sacrificial_ziggurat
D:15:     hangedman_depths_entry_try_elsewhere_first, hangedman_decor_points
Temple:   bh_familiar_temple
Lair:1:   beast_lair_carwin_large_3, serial_bayou_shore_a, lemuel_fruit_fields,
          uniq_erica
Lair:2:   minmay_snake_entry_guardpost_small, fungi_pond_lemuel,
          wad_woods_antlair, uniq_urug
Orc:2:    kennysheep_orc_mage_school, uniq_azrael
Elf:1:    minivault_28

Skill      XL: |  1  2  3  4  5  6  7  8  9 10 11 12 13 14 15 |
---------------+----------------------------------------------+-----
Short Blades   | 2 3 5 7 8 |  8.0
Stealth        | 2 4 6 8 |  8.0
Fighting       | 2 5 7 8 10 11 12 | 12.2
Dodging        | 4 5 6 7 9 10 11 13 | 13.0
Evocations     | 4 6 7 9 11 12 13 14 16 17 18 | 18.9
Shields        | 4 6 7 8 9 10 | 10.2

Action                   |  1- 3 |  4- 6 |  7- 9 | 10-12 | 13-15 || total
-------------------------+-------+-------+-------+-------+-------++-------
Melee: Short sword       |    42 |       |       |       |       ||    42
       Dagger            |    39 |   191 |   465 |   321 |       ||  1016
       Unarmed           |       |       |    31 |    50 |    11 ||    92
       Rapier            |       |       |       |   381 |   721 ||  1102
 Fire: Blowgun           |       |       |       |       |    10 ||    10
 Cast: Summon Small Mamm |       |       |     8 |       |       ||     8
       Confusing Touch   |       |       |     6 |    23 |     5 ||    34
Invok: Potion Petition   |       |       |       |     3 |     5 ||     8
Evoke: Wand              |     6 |     5 |    30 |    35 |    67 ||   143
       Box of beasts     |       |       |       |     2 |     7 ||     9
       Sack of spiders   |       |       |       |       |     4 ||     4
       Phial of floods   |       |       |       |       |     2 ||     2
       Lamp of fire      |       |       |       |       |     1 ||     1
  Use: Potion            |       |     4 |     2 |     1 |    14 ||    21
       Scroll            |       |       |     7 |    12 |    11 ||    30
 Stab: Sleeping          |     4 |     6 |    12 |    17 |    13 ||    52
       Confused          |       |       |     5 |    18 |     6 ||    29
       Distracted        |       |       |     3 |     2 |    10 ||    15
       Invisible         |       |       |       |    17 |     9 ||    26
       Betrayed ally     |       |       |       |       |     1 ||     1
       Paralysed         |       |       |       |       |    10 ||    10
  Eat: Chunk             |     9 |     1 |       |       |       ||    10
       Ration            |       |       |     9 |    13 |    12 ||    34
Armor: Leather armour    |    17 |    19 |    59 |    74 |    92 ||   261
       Skin              |       |       |    14 |       |       ||    14
Dodge: Dodged            |    59 |   111 |   288 |   341 |   388 ||  1187
Block: Buckler           |       |       |       |   108 |   225 ||   333

Table legend:
 A = Spawn XP
 B = Non-spawn XP
 C = Spawn XP percentage of total XP
 D = Spawn monster count
 E = Non-spawn monster count
 F = Spawn count percentage of total count
 G = Total turns spent on level
                    A         B        C        D         E        F      G
               +---------+---------+-------+---------+---------+-------+---------
         Total |       0 |  107522 |   0.0 |       0 |     593 |   0.0 | 24200
               +---------+---------+-------+---------+---------+-------+---------
           D:1 |       0 |      33 |   0.0 |       0 |      17 |   0.0 |  1169
           D:2 |       0 |      82 |   0.0 |       0 |      14 |   0.0 |   745
           D:3 |       0 |     187 |   0.0 |       0 |      28 |   0.0 |  1593
           D:4 |       0 |    1205 |   0.0 |       0 |      26 |   0.0 |  1287
           D:5 |       0 |     468 |   0.0 |       0 |      24 |   0.0 |  1321
           D:6 |       0 |    1542 |   0.0 |       0 |      36 |   0.0 |  1877
           D:7 |       0 |    1630 |   0.0 |       0 |      36 |   0.0 |  1192
           D:8 |       0 |    2033 |   0.0 |       0 |      34 |   0.0 |  1301
           D:9 |       0 |    3716 |   0.0 |       0 |      52 |   0.0 |  1310
          D:10 |       0 |     761 |   0.0 |       0 |      15 |   0.0 |   986
          D:11 |       0 |    7198 |   0.0 |       0 |      32 |   0.0 |  1046
          D:12 |       0 |    7181 |   0.0 |       0 |      29 |   0.0 |   731
          D:13 |       0 |    7217 |   0.0 |       0 |      28 |   0.0 |  1127
          D:14 |       0 |    7159 |   0.0 |       0 |      24 |   0.0 |  1218
          D:15 |       0 |    1577 |   0.0 |       0 |       6 |   0.0 |    93
        Temple |       0 |      39 |   0.0 |       0 |       1 |   0.0 |   121
        Lair:1 |       0 |    6752 |   0.0 |       0 |      32 |   0.0 |   529
         Orc:1 |       0 |     702 |   0.0 |       0 |       6 |   0.0 |   986
         Orc:2 |       0 |   14067 |   0.0 |       0 |      69 |   0.0 |  2069
         Elf:1 |       0 |   23338 |   0.0 |       0 |      41 |   0.0 |  2331
         Elf:2 |       0 |   20635 |   0.0 |       0 |      43 |   0.0 |  1107
               +---------+---------+-------+---------+---------+-------+---------
